 Dungeon Crawl Stone Soup version 0.18.1-8-gdd0e5ea (webtiles) character file.

422 zeroDi the Sneak (level 6, -6/30 HPs)
             Began as a Vine Stalker Assassin on May 29, 2016.
             Mangled by an ogre
             ... wielding a +0 giant club
              (24 damage)
             ... on level 5 of the Dungeon.
             The game lasted 00:10:19 (3266 turns).

zeroDi the Sneak (Vine Stalker Assassin)            Turns: 3266, Time: 00:10:20

Health: -6/30      AC:  3    Str: 14    XL:     6   Next: 95%
Magic:  0/7        EV: 11    Int: 11    God:
Gold:   150        SH:  4    Dex: 17    Spells: 0 memorised, 5 levels left

rFire  . . .     SeeInvis .     b - +0 blowgun
rCold  . . .     Gourm    .     c - +0 robe
rNeg   . . .     Faith    .     j - +0 buckler
rPois  .         Spirit   +     (no helmet)
rElec  .         Dismiss  .     d - +0 cloak
rCorr  .         Reflect  .     (no gloves)
SustAt .         Harm     .     (no boots)
MR     .....                    (no amulet)
Stlth  ++++......               (no ring)
                                (no ring)

@: not resistant to hostile enchantments, stealthy
A: fangs 2, regeneration 2, magic shield, antimagic bite, no device heal 3, rot
immunity
a: no special abilities


You were on level 5 of the Dungeon.
You were hungry.

You visited 1 branch of the dungeon, and saw 6 of its levels.

You collected 150 gold pieces.


Innate Abilities, Weirdness & Mutations

You have extremely sharp teeth.
You heal very quickly.
When hurt, damage is shared between your health and your magic reserves.
Your bite disrupts and absorbs the magic of your enemies.
Potions and wands cannot restore your health.
You are immune to rotting.


   Skills:
 - Level 1.7 Fighting
 - Level 5.5 Short Blades
 - Level 1.7 Throwing
 - Level 0.7 Dodging
 + Level 6.9 Stealth


You had 5 spell levels left.
You didn't know any spells.

Inventory:

Hand Weapons
 a - a +2 dagger of freezing
 b - a +0 blowgun (weapon)
 A - a +2 dagger
Missiles
 e - 11 poisoned needles (quivered)
 f - 2 curare-tipped needles {=f}
 w - 5 tomahawks
 y - 5 javelins
Armour
 c - a +0 robe (worn)
 d - a +0 cloak (worn)
 j - a +0 buckler (worn)
Jewellery
 C - an uncursed ring of magical power {unknown}
Scrolls
 h - 2 scrolls of recharging {unknown}
 i - 3 scrolls of identify {unknown}
 l - 2 scrolls of fear {unknown}
 n - a scroll of enchant armour {unknown}
 o - 2 scrolls of immolation {unknown}
 p - a scroll of magic mapping {unknown}
 q - a scroll of amnesia {unknown}
 t - a scroll of noise {unknown}
 u - a scroll of teleportation {unknown}
 B - a scroll of remove curse {unknown}
Potions
 x - a potion of curing {unknown}
Comestibles
 g - 7 bread rations
 k - a royal jelly
 m - 2 fruits
 r - a meat ration
 s - 3 slices of pizza
 v - 2 beef jerkies
 z - 2 chunks of flesh

Dungeon Overview and Level Annotations

Branches:
Dungeon (6/15)
 Temple: D:4-7

Altars:
Vehumet

Shops:
D:4 %[:

Annotations:
D:3 Rationalist's ghost, amateur MiBe

######## #(.....# #.#
#(####5# #.# ##.####.#
#.# #....##@# #.#
#(.#.#.O# #.#
#(.#.#.##.###.#
#$.#.#.##.#...####
#..#.#.##.....<..#
#######(.#.#.####.####.#
..=......#.#.# #.# #.#
#######(##.#(#
##.####.#######
#$##.#.###..............


You could see an ogre and a crimson imp.


Message History

You see here a giant club.
Firing (i - inventory. (,) - cycle):
e - 12 poisoned needles (quivered)
Press: ? - help, Shift-Dir - straight line, f/p - ogre
Aim: an ogre, wielding a giant club (moderately wounded)
You shoot a poisoned needle. The poisoned needle hits the ogre.
The ogre is poisoned.
The ogre is moderately wounded.
The ogre hits you with a giant club!
The crimson imp shouts!
The crimson imp misses you.
You see here a poisoned needle.
The crimson imp blinks!
You see here a poisoned needle.
Really attack while wielding your +0 blowgun? [Y]es or [N]o only, please.
Really attack while wielding your +0 blowgun?
Okay, then.
The ogre hits you with a giant club!!
Ouch! That really hurt!
You die...

Action                   |  1- 3 |  4- 6 || total
-------------------------+-------+-------++-------
Melee: Dagger            |   113 |    76 ||   189
       Bite              |    23 |    20 ||    43
 Fire: Blowgun           |       |    23 ||    23
Throw: Javelin           |       |     2 ||     2
  Use: Potion            |       |     5 ||     5
 Stab: Sleeping          |    19 |     8 ||    27
       Distracted        |       |     1 ||     1
  Eat: Chunk             |     3 |     4 ||     7
Armor: Robe              |    29 |     6 ||    35
Dodge: Dodged            |    47 |    42 ||    89
Block: Buckler           |    16 |     7 ||    23

Vault maps used:
D:1:      dpeg_arrival_water_fire, hangedman_decor_diamond_cutter
D:3:      first_bread
D:4:      nicolae_overflow_hidden_temple, serial_shops,
          nicolae_shop_behind_doors, shop, shop, minivault_25
D:6:      temple_statues

Notes
Turn   | Place    | Note
--------------------------------------------------------------
     0 | D:1      | zeroDi the Vine Stalker Assassin began the quest for the Orb.
     0 | D:1      | Reached XP level 1. HP: 11/11 MP: 2/2
   128 | D:1      | Reached skill level 2 in Short Blades
   188 | D:1      | Reached XP level 2. HP: 15/15 MP: 3/3
   791 | D:1      | Reached skill level 3 in Short Blades
   796 | D:1      | Reached XP level 3. HP: 16/18 MP: 4/4
  1763 | D:3      | Reached XP level 4. HP: 23/23 MP: 5/5
  1766 | D:3      | Noticed Rationalist's ghost (amateur MiBe)
  1927 | D:3      | Reached skill level 4 in Short Blades
  2025 | D:4      | HP: 2/23 [poisoned by a worker ant]
  2034 | D:4      | HP: 2/23 [poisoned by a worker ant]
  2040 | D:4      | HP: 2/23 [poisoned by a worker ant]
  2046 | D:4      | HP: 2/23 [poisoned by a worker ant]
  2052 | D:4      | HP: 2/23 [poisoned by a worker ant]
  2279 | D:4      | Reached XP level 5. HP: 21/26 MP: 6/6
  2357 | D:4      | Reached skill level 5 in Short Blades
  2397 | D:4      | Found Onirroer's Antique Armour Emporium.
  2411 | D:4      | Found Ingurchum's Food Emporium.
  2455 | D:4      | Gained mutation: You heal very quickly. [Vine Stalker growth]
  2455 | D:4      | Reached XP level 6. HP: 29/30 MP: 7/7
  2639 | D:4      | Found Goydi's Book Shoppe.
  2651 | D:4      | Noticed an orc warrior
  2782 | D:4      | Found a radiant altar of Vehumet.
  2843 | D:5      | Entered Level 5 of the Dungeon
  2927 | D:5      | Reached skill level 5 in Stealth
  3127 | D:6      | Reached skill level 6 in Stealth
  3266 | D:5      | Mangled by an ogre

Vanquished Creatures
  An ogre (D:5)
  A water moccasin skeleton (D:4)
  2 howler monkeys (D:4)
  A hound (D:6)
  3 worker ants
  2 gnolls (D:5)
  3 adders
  An adder skeleton (D:5)
  2 dart slugs
  4 giant geckos
  2 orcs
  A ball python (D:2)
  5 bats
  3 giant cockroaches
  8 goblins
  8 hobgoblins
  4 jackals (D:1)
  2 giant newts (D:3)
  6 kobolds
  A quokka skeleton (D:4)
  8 rats
68 creatures vanquished.
